 Dungeon Crawl Stone Soup version 0.17-a0-129-g9432df0 (webtiles) character file.

105 Ngotmuk the Cudgeler (level 4, -5/40 HPs)
             Began as a Deep Dwarf Fighter on Mar 24, 2015.
             Slain by anything's ghost (6 damage)
             ... on level 3 of the Dungeon.
             The game lasted 00:03:23 (1613 turns).

Ngotmuk the Cudgeler (Deep Dwarf Fighter)           Turns: 1613, Time: 00:03:24

Health: -5/40      AC:  8    Str: 20    XL:     4   Next: 53%
Magic:  4/4        EV:  9    Int:  9    God:
Gold:   121        SH:  0    Dex: 12    Spells: 0 memorised, 3 levels left

rFire  . . .     SeeInvis .     a - +0 flail
rCold  + . .     Clarity  .     b - +0 scale mail
rNeg   . . .     SustAb   .     (no shield)
rPois  .         Gourm    .     (no helmet)
rElec  .         Spirit   .     (no cloak)
rCorr  .         Warding  .     (no gloves)
rMut   .         Stasis   .     i - +0 pair of boots
MR     .....                    (no amulet)
Stlth  ..........               (no ring)
                                j - ring of protection from cold

@: non-regenerating, not resistant to hostile enchantments, extremely unstealthy
A: damage resistance, recharge devices, sense surroundings 1, slow healing 3
a: Device Recharging


You were on level 3 of the Dungeon.
You were not hungry.

You visited 1 branch of the dungeon, and saw 3 of its levels.

You collected 121 gold pieces.

Inventory:

Hand weapons
 a - a +0 flail (weapon)
Armour
 b - a +0 scale mail (worn)
 i - a +0 pair of boots (worn)
Jewellery
 j - a ring of protection from cold (left hand)
 n - an uncursed amulet of regeneration {unknown}
 w - an uncursed ring of protection from fire {unknown}
Magical devices
 d - a wand of heal wounds (4)
Scrolls
 h - a scroll of immolation {unknown}
 k - a scroll of random uselessness {unknown}
 m - 3 scrolls of identify {unknown}
 o - a scroll of magic mapping {unknown}
 q - a scroll of remove curse {unknown}
 t - 2 scrolls of fear {unknown}
 u - a scroll of enchant weapon {unknown}
Potions
 e - a potion of might
 g - a potion of ambrosia {unknown}
 l - a potion of lignification {unknown}
 p - a potion of haste {unknown}
 r - a potion of heal wounds {unknown}
 s - a potion of degeneration {unknown}
 v - a potion of poison {unknown}
Comestibles
 c - 2 slices of pizza
 f - 2 bread rations


   Skills:
 - Level 2.6 Fighting
 + Level 4.8 Maces & Flails
 - Level 3.2 Armour
   Level 3.2 Shields


You had 3 spell levels left.
You didn't know any spells.

Dungeon Overview and Level Annotations

Branches:
Dungeon (3/15)

Altars:

Annotations:
D:3 anything's ghost, average TrHu


Innate Abilities, Weirdness & Mutations

You are resistant to damage.
You can recharge devices by infusing magical energy.
You passively map a small area around you.
You do not heal naturally.


Message History

You closely miss anything's ghost.
Anything's ghost is lightly damaged.
Anything's ghost barely misses you.
An orc priest comes into view. It is wielding a dagger.
You closely miss anything's ghost.
Anything's ghost is lightly damaged.
The orc priest shouts!
Anything's ghost hits you!
* * * LOW HITPOINT WARNING * * *
Anything's ghost closely misses you.
An orc comes into view.
The orc shouts!
You hit anything's ghost but do no damage.
Anything's ghost is lightly damaged.
Anything's ghost hits you!
* * * LOW HITPOINT WARNING * * *
You hit anything's ghost!
Anything's ghost is moderately damaged.
Anything's ghost hits you!
You die...

###### * * #....# *
#....# #######
#####....#####...... , *
#......(....##.##### ,
######...........##.###..
..oo.'.W@........'.......
,,
.....#.o.........##.###.#
. #########+######.... ,,
, ** #.... * , , * *
#.... ,,, ,** ###+# , , *
, , , ,, * , * ,


You could see an orc priest, anything's ghost and 2 orcs.

Vanquished Creatures
  An iguana (D:3)
  2 adders
  A giant mite (D:2)
  2 worms (D:2)
  3 giant geckos
  2 oozes
  6 bats
  3 giant cockroaches
  4 hobgoblins
  4 kobolds
  5 giant newts
  5 goblins (D:1)
  8 rats
46 creatures vanquished.

Notes
Turn   | Place    | Note
--------------------------------------------------------------
     0 | D:1      | Ngotmuk, the Deep Dwarf Fighter, began the quest for the Orb.
     0 | D:1      | Reached XP level 1. HP: 20/20 MP: 1/1
   204 | D:1      | Reached XP level 2. HP: 25/27 MP: 2/2
   626 | D:2      | HP: 1/27 [giant gecko (1)]
   629 | D:2      | Reached XP level 3. HP: 1/33 MP: 3/3
  1078 | D:2      | Reached skill level 4 in Maces & Flails
  1494 | D:3      | Reached XP level 4. HP: 19/40 MP: 4/4
  1604 | D:3      | Noticed anything's ghost (average TrHu)
  1612 | D:3      | HP: 1/40 [anything's ghost (5)]
  1613 | D:3      | Slain by anything's ghost

Action                   |  1- 3 |  4- 6 || total
-------------------------+-------+-------++-------
Melee: Flail             |   150 |    24 ||   174
Evoke: Wand              |     1 |       ||     1
  Eat: Meat ration       |     1 |       ||     1
